 Dungeon Crawl Stone Soup version 0.31-a0-542-gdc2a67831c (webtiles) character file.

Game seed: 9714876897217099609

216200 GordonOverkill the Warrior (level 19, -5/108 HPs)
             Began as a Vine Stalker Delver on Aug 14, 2023.
             Was the Champion of Dithmenos.
             Slain by a tentacle (7 damage)
             ... attached to a kraken
             ... on level 1 of the Shoals.
             The game lasted 01:08:51 (29777 turns).

GordonOverkill the Warrior (Vine Stalker Delver)   Turns: 29777, Time: 01:08:52

Health: -5/108     AC: 25    Str: 29    XL:     19   Next: 4%
Magic:  0/27       EV: 13    Int:  8    God:    Dithmenos [******]
Gold:   1137       SH: 26    Dex: 19    Spells: 24/24 levels left

rFire   . . .        O - +9 short sword of the Apocalypse {freeze, rElec rPois Dex+3}
rCold   + . .        R - +1 tower shield {AC+3}
rNeg    + + .        G - +6 ring mail of the Boiling Point {rC+ rN++ Str+3 Int-2}
rPois   +            P - +2 hat {SInv}
rElec   +            z - +0 cloak
rCorr   .            u - +0 pair of gloves "Otinyi" {Rampage rElec}
SInv    +            T - +2 pair of boots
Will    +++..        C - amulet of reflection
Stlth   +++++        B - +4 ring of slaying
HPRegen 1.18/turn    i - ring of Rivirchol {Fly Will+ Str+3}
MPRegen 0.20/turn

%: reflection, guardian spirit, rampage
@: flying, wreathed by umbra
A: fangs 3, regeneration 1, magic shield, antimagic bite, no potion heal 2
}: 1/15 runes: serpentine
a: Renounce Religion, Shadow Step, Shadow Form


You were on level 1 of the Shoals.
You worshipped Dithmenos.
Dithmenos was exalted by your worship.
You visited 5 branches of the dungeon, and saw 27 of its levels.
You also visited: Sewer, Bailey and Ice Cave.

You collected 3231 gold pieces.
You spent 2094 gold pieces at shops.

Inventory:

Hand Weapons
 O - the +9 short sword of the Apocalypse (weapon) {freeze, rElec rPois Dex+3}
   (You found it on level 7 of the Dungeon)

   Dex+3:     It affects your dexterity (+3).
   rElec:     It insulates you from electricity.
   rPois:     It protects you from poison
Missiles
 s - 31 poisoned darts (quivered)
 F - 3 atropa-tipped darts
 M - 3 throwing nets
 Z - a curare-tipped dart
Armour
 u - the +0 pair of gloves "Otinyi" (worn) {Rampage rElec}
   (You bought it in a shop on level 13 of the Dungeon)

   rElec:     It insulates you from electricity.
   Rampage:   It bestows one free step when moving towards enemies.
 z - a +0 cloak (worn)
 G - the +6 ring mail of the Boiling Point (worn) {rC+ rN++ Str+3 Int-2}
   (You found it on level 13 of the Dungeon)

   Str+3:     It affects your strength (+3).
   Int-2:     It affects your intelligence (-2).
   rC+:       It protects you from cold.
   rN++:      It greatly protects you from negative energy.
 P - a +2 hat of see invisible (worn)
 R - a +1 tower shield of protection (worn)
 T - a +2 pair of boots (worn)
Jewellery
 e - an amulet of regeneration
 f - the ring of Kosirruu {Ice SInv Stlth+}
   (You found it in an ice cave)

   [ring of ice]

   Ice:       It enhances your ice magic.
   rF-:       It makes you vulnerable to fire.
   rC+:       It protects you from cold.
   SInv:      It lets you see invisible.
   Stlth+:    It makes you more stealthy.
 h - the ring of Naicu Kez {rC+ Dex+3}
   (You found it in an ice cave)

   [ring of protection from cold]

   Dex+3:     It affects your dexterity (+3).
   rC+:       It protects you from cold.
 i - the ring of Rivirchol (right hand) {Fly Will+ Str+3}
   (You found it in an ice cave)

   [ring of flight]

   Str+3:     It affects your strength (+3).
   Will+:     It increases your willpower.
   Fly:       It grants you flight.
 w - a ring of protection from fire
 B - a +4 ring of slaying (left hand)
 C - an amulet of reflection (around neck)
Wands
 b - a wand of mindburst (23)
 g - a wand of digging (4)
 o - a wand of flame (26)
 y - a wand of iceblast (20)
 E - a wand of charming (18)
 L - a wand of light (2)
Scrolls
 a - 9 scrolls of identify
 c - 3 scrolls of fog
 d - 6 scrolls of revelation
 j - a scroll of butterflies
 t - 6 scrolls of vulnerability
 v - 6 scrolls of enchant armour
 I - a scroll of brand weapon
 K - 3 scrolls of enchant weapon
 Q - 7 scrolls of teleportation
 S - 4 scrolls of fear
 U - 2 scrolls of poison
 W - 3 scrolls of torment
Potions
 k - 3 potions of resistance {unknown}
 l - 8 potions of mutation {unknown}
 m - 5 potions of invisibility {unknown}
 n - 11 potions of haste
 p - 5 potions of cancellation {unknown}
 q - 3 potions of brilliance
 r - 2 potions of magic
 x - 4 potions of ambrosia
 A - 8 potions of curing {unknown}
 D - 5 potions of enlightenment {unknown}
 H - 3 potions of might {unknown}
 J - a potion of berserk rage
 V - 5 potions of lignification
Miscellaneous
 N - a phial of floods


   Skills:
 + Level 15.1 Fighting
 - Level 10.0 Short Blades
 - Level 0.3(1.2) Axes
 - Level 1.7(1.8) Maces & Flails
 - Level 2.0 Throwing
 - Level 12.0 Armour
 - Level 5.0 Dodging
 - Level 6.0 Stealth
 - Level 15.0 Shields
 - Level 3.0 Spellcasting
 - Level 10.0 Invocations
 - Level 12.0 Evocations


You had 24 spell levels left.
You didn't know any spells.
Your spell library contained the following spells:

 Spells                   Type           Power      Damage    Failure   Level
 Magic Dart               Conj           4%         1d3       65%         1
 Blink                    Tloc           2%         N/A       80%         2
 Call Imp                 Summ           2%         N/A       80%         2
 Ensorcelled Hibernation  Hex/Ice        2%         N/A       80%         2
 Lesser Beckoning         Tloc           2%         N/A       80%         2
 Momentum Strike          Conj/Tloc      2%         3d8       80%         2
 Passwall                 Tmut/Erth      0%         N/A       80%         2
 Poisonous Vapours        Pois/Air       2%         N/A       80%         2
 Searing Ray              Conj           2%         2d4       80%         2
 Call Canine Familiar     Summ           1%         N/A       95%         3
 Dazzling Flash           Conj/Hex       2%         N/A       95%         3
 Frozen Ramparts          Ice            2%         1d1       95%         3
 Gell's Gravitas          Tloc           1%         N/A       95%         3
 Hailstorm                Conj/Ice       1%         3d3       95%         3
 Ignite Poison            Fire/Tmut/Pois 1%         N/A       95%         3
 Mephitic Cloud           Conj/Pois/Air  1%         N/A       95%         3
 Portal Projectile        Hex/Tloc       2%         N/A       95%         3
 Swiftness                Air            1%         N/A       95%         3
 Teleport Other           Tloc           1%         N/A       95%         3
 Volatile Blastmotes      Fire/Tloc      2%         2d10      95%         3
 Fulminant Prism          Conj/Hex       0%         3d5       100%        4
 Iskenderun's Mystic Bla  Conj/Tloc      1%         2d3       100%        4
 Leda's Liquefaction      Hex/Erth       0%         N/A       100%        4
 Manifold Assault         Tloc           1%         N/A       100%        4
 Petrify                  Tmut/Erth      1%         N/A       100%        4
 Sticky Flame             Conj/Fire      1%         2d3       100%        4
 Summon Ice Beast         Ice/Summ       1%         N/A       100%        4
 Freezing Cloud           Conj/Ice/Air   0%         6-21      100%        5
 Iskenderun's Battlesphe  Conj           1%         2d6       100%        5
 Lee's Rapid Deconstruct  Erth           0%         3d4*      100%        5
 Metabolic Englaciation   Hex/Ice        0%         N/A       100%        5
 Dispersal                Tloc           0%         N/A       100%        6
 Leda's Unmaking          Conj/Erth      0%         9d1       100%        6
 Simulacrum               Ice/Necr       0%         N/A       100%        6
 Starburst                Conj/Fire      0%         6d3       100%        6
 Spellforged Servitor     Conj/Summ      0%         N/A       100%        7
 Disjunction              Tloc           0%         N/A       100%        8
 Ignition                 Fire           0%         3d3       100%        8
 Maxwell's Capacitive Co  Air            0%         ∞         100%        8


Dungeon Overview and Level Annotations

Branches:
Dungeon (15/15)            Temple (0/1) D:6            Lair (5/5) D:11
 Shoals (1/4) Lair:2        Snake (4/4) Lair:3        Slime (0/5) Lair:4
    Orc (2/2) D:12            Elf (0/3) Orc:2        Vaults (0/5) D:13
 Depths (0/4) D:15          Sewer (visited)          Bailey (visited)
  IceCv (visited)

Altars:
Ashenzari
Cheibriados
Dithmenos
Elyvilon
Fedhas
Gozag
Kikubaaqudgha
Makhleb
Nemelex Xobeh
Qazlal
Ru
Trog
Uskayaw
Xom

Shops:
D:3 :   D:7 ?   D:10 [   D:13 [   D:14 ===(?   Orc:1 *   Orc:2 *(([=
Snake:3 *[[(   Snake:4 (=

Annotations:
D:9 2 runed translucent doors
Lair:1 exclusion: oklob plant


Innate Abilities, Weirdness & Mutations

You have razor-sharp teeth.
Your natural rate of healing is unusually fast.
When hurt, damage is shared between your health and your magic reserves.
Your bite disrupts and absorbs the magic of your enemies.
Potions cannot restore your health.


Message History

You block the tentacle's attack. x2
Aiming: Mindburst
Press: ? - help, Shift-Dir - straight line, f/p - kraken
Aim: a kraken (ink, water, almost dead, umbra, chance to affect: 69%)
The kraken struggles to resist.
The kraken squirts a massive cloud of ink into the water!
You block the tentacle's attack. The tentacle barely misses you.
The tentacle closely misses you. You block the tentacle's attack.
The kraken squirts a massive cloud of ink into the water!
The tentacle slaps you but does no damage. x2
The tentacle slaps you!
* * * LOW HITPOINT WARNING * * *
You block the tentacle's attack.
Aiming: Mindburst
Press: ? - help, Shift-Dir - straight line, f/p - kraken
Aim: a kraken (ink, water, almost dead, umbra, chance to affect: 69%)
The kraken struggles to resist.
You block the tentacle's attack. The tentacle closely misses you.
The tentacle slaps you.
* * * LOW HITPOINT WARNING * * *
You block the tentacle's attack. You block the kraken's attack.
Aiming: Mindburst
Press: ? - help, Shift-Dir - straight line, f/p - kraken
Aim: a kraken (ink, water, almost dead, umbra, chance to affect: 69%)
The kraken struggles to resist.
You block the tentacle's attack. x3
The tentacle slaps you but does no damage.
The kraken squirts a massive cloud of ink into the water!
You block the tentacle's attack. The tentacle slaps you!
* * * LOW HITPOINT WARNING * * *
You emit a cloud of dark smoke.
The tentacle slaps you but does no damage. x2
The kraken bites you!
* * * LOW HITPOINT WARNING * * *
Unknown command.
Okay, then.
Unknown command.
Aiming: Mindburst
Press: ? - help, Shift-Dir - straight line, f/p - kraken
Aim: a kraken (ink, water, almost dead, umbra, chance to affect: 69%)
The kraken struggles to resist.
The tentacle slaps you!
You die...

≈≈≈≈≈≈≈≈≈≈≈≈≈≈≈
≈≈≈≈≈≈≈≈≈≈≈≈≈≈≈≈
≈≈≈≈≈≈≈≈≈≈≈≈≈≈≈≈≈≈≈≈≈≈≈≈
≈≈≈≈≈~~~~≈≈≈≈≈≈≈≈≈≈≈≈≈≈≈
~~~~~~~~~~~~≈≈≈≈≈§§≈≈≈≈≈
~~~~~P.PPPP~PP§§§§§≈≈≈≈≈
~~~PPP..P~~~P§§wXw§≈≈≈≈≈
≈≈~~.....~PPP§§§@w§≈≈≈≈≈
≈~~~....P~~~P§§w§§§≈≈≈≈≈
≈~~....P~≈≈≈≈≈§§§§≈§≈≈≈≈
~~...P~.~≈≈≈≈≈≈≈≈≈≈≈≈≈≈≈
~~..PP..~~≈≈≈≈≈≈~P≈≈≈≈≈≈
~...#.P..~≈≈≈≈≈~~~~~≈≈≈~
...###...~≈≈≈≈~~..~~≈≈~~
...###..~≈~~~~~~..~~~~~~
~......~~~~~.~≈~.......


You could see a kraken and 4 tentacles.

Vanquished Creatures
  Vashnia (Snake:2)
  Jorgrun (D:12)
  Rupert (D:12)
  Aizul (Snake:3)
  Kirke (Snake:3)
  9 nagarajas
  2 azure jellies (IceCv)
  Louise (Snake:3)
  3 quicksilver oozes (IceCv)
  Erolcha (D:9)
  3 fire dragons
  A yaktaur captain (D:13)
  2 ice dragons (D:15)
  A rakshasa (D:13)
  Fannar (D:10)
  A great orb of eyes (D:13)
  5 hydras
  A vault guard (D:13)
  2 salamander tyrants
  A catoblepas (Lair:4)
  10 anacondas
  A merfolk avatar (Shoals:1)
  7 centaur warriors
  A death knight (D:13)
  11 naga warriors
  6 death yaks (Lair:2)
  4 two-headed ogres
  3 boulder beetles
  A vampire mage (Lair:1)
  10 shock serpents
  12 naga sharpshooters
  2 tengu warriors (D:15)
  Nergalle (Lair:2)
  4 skeletal warriors
  Lodul (D:10)
  3 salamander mystics
  3 sea snakes
  2 flayed ghosts (D:13)
  Jeremiah (Lair:1)
  6 naga ritualists
  2 lindwurms
  A wizard (D:9)
  Pikel (D:8)
  A deep elf pyromancer (D:13)
  A faun (Shoals:1)
  10 orc knights
  19 mana vipers
  20 ugly things
  A wolf spider (Lair:3)
  4 manticores
  16 salamanders
  3 cyclopes
  12 elephants
  3 guardian serpents
  Maurice (D:10)
  2 molten gargoyles (Lair:5)
  38 black mambas
  Joseph (D:10)
  21 naga magi
  2 gargoyles
  An ice statue (IceCv)
  12 cane toads
  3 rime drakes
  Maggie (D:8)
  Psyche (D:12)
  3 freezing wraiths
  10 komodo dragons
  A hornet (D:10)
  6 trolls
  4 polar bears
  3 merfolk (Shoals:1)
  A hornet (shapeshifter) (D:13)
  A wind drake (Shoals:1)
  A blink frog (shapeshifter) (D:13)
  23 blink frogs
  10 dream sheep
  A jumping spider (Lair:3)
  24 slime creatures
  5 wyverns
  48 yaks
  3 wraiths
  2 vampires
  A redback (Lair:3)
  A human (Lair:1)
  8 vampire mosquitoes (D:14)
  5 steam dragons
  6 basilisks
  7 wargs
  55 nagas
  5 acid dragons
  32 water moccasins
  4 hell hounds (Lair:5)
  A swamp drake (D:12)
  42 orc warriors
  2 black bears
  3 great orb of eyes simulacra (IceCv)
  10 ogres
  27 wolves
  7 centaurs
  5 slime creature simulacra (IceCv)
  2 kobold brigands
  11 bullfrogs
  5 glowing shapeshifter simulacra (IceCv)
  4 scorpions
  A killer bee (D:9)
  4 electric eels
  5 howler monkeys
  7 lava snakes
  4 hounds
  11 orc priests
  2 iguanas
  2 jellies
  Ijyb (D:5)
  22 orc wizards
  3 hell rats (Lair:4)
  3 shapeshifter simulacra (IceCv)
  9 gnolls (Bailey)
  19 adders
  8 river rats
  2 white imps (D:6)
  2 ufetubi (D:4)
  2 worms
  4 dart slugs
  118 orcs
  10 bats
  11 endoplasms
  4 giant cockroaches
  7 hobgoblins
  7 jackals
  35 kobolds
  2 quokkas
  12 ball pythons
  4 frilled lizards
  14 goblins
  11 rats
1040 creatures vanquished.

Vanquished Creatures (others)
  A naga ritualist (Snake:4)
  A manticore (Shoals:1)
  2 humans (Snake:3)
  8 tentacles (Shoals:1)
12 creatures vanquished.

Grand Total: 1052 creatures vanquished

Notes
Turn   | Place    | Note
-------+----------+-------------------------------------------
     0 | D:5      | GordonOverkill the Vine Stalker Delver began the quest for
                  | the Orb.
     0 | D:5      | Reached XP level 1. HP: 11/11 MP: 2/2
    51 | D:6      | Noticed a scorpion
    57 | D:6      | Noticed a sky beast
    81 | D:6      | Noticed a howler monkey
    87 | D:6      | Killed a howler monkey
    88 | D:6      | Reached XP level 2. HP: 13/17 MP: 3/3
    88 | D:6      | Reached XP level 3. HP: 17/21 MP: 4/4
   149 | D:5      | Found a shadowy altar of Dithmenos.
   157 | D:5      | Became a worshipper of Dithmenos the Shadowed
   204 | D:5      | Found an opulent altar of Gozag.
   370 | D:5      | Reached skill level 1 in Invocations
   370 | D:5      | Gained mutation: Your natural rate of healing is unusually
                  | fast. [Vine Stalker growth]
   370 | D:5      | Reached XP level 4. HP: 9/25 MP: 1/6
   426 | D:5      | Noticed a scorpion
   573 | D:4      | Reached XP level 5. HP: 28/29 MP: 8/8
   594 | D:4      | Found a glowing drain.
   598 | Sewer    | Entered a sewer
   735 | Sewer    | Reached * piety under Dithmenos
  1020 | D:4      | Reached skill level 1 in Short Blades
  1020 | D:4      | Reached skill level 1 in Throwing
  1020 | D:4      | Reached XP level 6. HP: 33/33 MP: 9/9
  1183 | D:1      | Reached ** piety under Dithmenos
  1202 | D:1      | Reached skill level 1 in Armour
  2094 | D:2      | Reached *** piety under Dithmenos
  2778 | D:3      | Found Zavveff's Book Boutique.
  2906 | D:4      | Reached XP level 7. HP: 36/37 MP: 9/11
  2920 | D:4      | Reached skill level 1 in Evocations
  3803 | D:5      | Found a white marble altar of Elyvilon.
  3890 | D:5      | Noticed Ijyb
  3908 | D:5      | Killed Ijyb
  4002 | D:5      | Reached skill level 5 in Invocations
  4323 | D:6      | Reached **** piety under Dithmenos
  4346 | D:6      | Gained mutation: You have razor-sharp teeth. [Vine Stalker
                  | growth]
  4346 | D:6      | Reached XP level 8. HP: 27/42 MP: 10/12
  4580 | D:6      | Found a staircase to the Ecumenical Temple.
  4644 | D:6      | Found the +1 Delatra's gloves {ID++}
  4667 | D:6      | Reached skill level 5 in Evocations
  5027 | D:7      | Reached skill level 5 in Fighting
  5031 | D:7      | Identified the +9 short sword of the Apocalypse {freeze,
                  | rElec rPois Dex+3}
  5158 | D:7      | Found Xiocsu Houso's Magic Scroll Emporium.
  5371 | D:7      | Found a sacrificial altar of Ru.
  5473 | D:7      | Found an ancient bone altar of Kikubaaqudgha.
  5473 | D:7      | Found a sparkling altar of Nemelex Xobeh.
  5803 | D:8      | Reached XP level 9. HP: 48/48 MP: 13/13
  5931 | D:8      | Reached skill level 1 in Shields
  5987 | D:8      | Found a hide-covered altar of Uskayaw.
  5988 | D:8      | Found a burning altar of Makhleb.
  5989 | D:8      | Found a stormy altar of Qazlal.
  6166 | D:8      | Reached skill level 5 in Short Blades
  6180 | D:8      | Found a bloodstained altar of Trog.
  6202 | D:8      | Found a shimmering altar of Xom.
  6320 | D:8      | Noticed Pikel
  6325 | D:8      | Killed Pikel
  6404 | D:8      | Noticed Maggie
  6412 | D:8      | Killed Maggie
  6505 | D:9      | Noticed Erolcha
  6518 | D:9      | Killed Erolcha
  6519 | D:9      | Reached skill level 5 in Shields
  6519 | D:9      | Reached XP level 10. HP: 8/53 MP: 1/14
  6663 | D:9      | Found a flagged portal.
  6703 | Bailey   | Entered a bailey
  6787 | Bailey   | Reached ***** piety under Dithmenos
  6851 | Bailey   | Noticed an orc knight
  6886 | Bailey   | Killed an orc knight
  7084 | D:9      | Found a large runed translucent door.
  7084 | D:9      | Found a large runed translucent door.
  7084 | D:9      | Noticed a wizard
  7085 | D:9      | Noticed a centaur warrior
  7092 | D:9      | Found a large runed translucent door.
  7092 | D:9      | Found a large runed translucent door.
  7173 | D:9      | Found a snail-covered altar of Cheibriados.
  7263 | D:9      | Noticed a two-headed ogre
  7265 | D:9      | Killed a two-headed ogre
  7271 | D:9      | Noticed a manticore
  7283 | D:9      | Killed a manticore
  7284 | D:9      | Reached skill level 10 in Short Blades
  7390 | D:9      | Identified the +2 hand axe of Peorokk {spect, Int+5}
  7664 | D:9      | Reached XP level 11. HP: 45/56 MP: 15/15
  7730 | D:9      | Noticed a manticore
  7738 | D:9      | Killed a manticore
  8040 | D:9      | Killed a centaur warrior
  8051 | D:9      | Killed a wizard
  8111 | D:10     | Entered Level 10 of the Dungeon
  8180 | D:10     | Noticed Fannar
  8188 | D:10     | Killed Fannar
  8326 | D:10     | Noticed Maurice
  8333 | D:10     | Paralysed by a hornet for 2 turns
  8334 | D:10     | Noticed Lodul
  8344 | D:10     | Killed Maurice
  8379 | D:10     | Killed Lodul
  8565 | D:10     | Noticed Joseph
  8578 | D:10     | Killed Joseph
  8580 | D:10     | Found Memm's Armour Boutique.
  8776 | D:11     | Noticed a cyclops
  8783 | D:11     | Killed a cyclops
  8789 | D:11     | Reached skill level 5 in Armour
  8829 | D:11     | Found a staircase to the Lair.
  9328 | Lair:1   | Entered Level 1 of the Lair of Beasts
  9530 | Lair:1   | Noticed Jeremiah
  9534 | Lair:1   | Killed Jeremiah
  9535 | Lair:1   | Reached XP level 12. HP: 63/65 MP: 11/16
 10115 | Lair:1   | Found a runed translucent door.
 10120 | Lair:1   | Noticed a vampire mage
 10427 | Lair:1   | Killed a vampire mage
 10627 | Lair:2   | Noticed a death yak
 10656 | Lair:2   | Killed a death yak
 10709 | Lair:2   | You fall into a shaft and drop 1 floor!
 11010 | Lair:2   | Reached skill level 10 in Fighting
 11112 | Lair:2   | Found a staircase to the Shoals.
 11145 | Lair:2   | Found the +6 lightning scales {swift, rElec}
 11195 | Lair:2   | Reached skill level 1 in Spellcasting
 11207 | Lair:2   | Reached XP level 13. HP: 72/72 MP: 16/18
 11417 | Lair:2   | Noticed Nergalle
 11429 | Lair:2   | Killed Nergalle
 12902 | Lair:3   | Found a runed translucent door.
 13138 | Lair:3   | Found a staircase to the Snake Pit.
 13371 | Lair:3   | Found a runed translucent gate.
 13371 | Lair:3   | Found a runed translucent gate.
 13371 | Lair:3   | Found a runed translucent gate.
 13371 | Lair:3   | Found a runed translucent gate.
 13371 | Lair:3   | Found a runed translucent gate.
 13371 | Lair:3   | Found a runed translucent gate.
 13399 | Lair:3   | Reached skill level 10 in Invocations
 13548 | Lair:4   | Found a staircase to the Slime Pits.
 13978 | Lair:4   | Reached XP level 14. HP: 79/79 MP: 22/22
 14062 | Lair:4   | Reached ****** piety under Dithmenos
 14977 | Lair:5   | Entered Level 5 of the Lair of Beasts
 15655 | Lair:5   | Found a large runed translucent door.
 15662 | Lair:5   | Found a large runed translucent door.
 16667 | D:12     | Found a frozen archway.
 16744 | IceCv    | Entered an ice cave
 16871 | IceCv    | Got the ring of Naicu Kez {rC+ Dex+3}
 17065 | IceCv    | Reached XP level 15. HP: 78/86 MP: 20/23
 17404 | IceCv    | Found a viscous altar of Jiyva.
 17404 | IceCv    | Noticed an azure jelly
 17416 | IceCv    | Killed an azure jelly
 17422 | IceCv    | Reached skill level 10 in Evocations
 17422 | IceCv    | Reached XP level 16. HP: 92/92 MP: 24/24
 17434 | IceCv    | Noticed an azure jelly
 17439 | IceCv    | Killed an azure jelly
 17444 | IceCv    | Got the ring of Kosirruu {Ice SInv Stlth+}
 17446 | IceCv    | Identified the ring of Rivirchol {Fly Will+ Str+3}
 17881 | D:12     | Noticed Jorgrun
 17906 | D:12     | Killed Jorgrun
 18163 | D:12     | Found a broken altar of Ashenzari.
 18199 | D:12     | Noticed Rupert
 18260 | D:12     | Killed Rupert
 18328 | D:12     | Noticed Psyche
 18335 | D:12     | Killed Psyche
 18593 | D:12     | Found a staircase to the Orcish Mines.
 18922 | Orc:1    | Entered Level 1 of the Orcish Mines
 19168 | Orc:2    | Entered Level 2 of the Orcish Mines
 19333 | Orc:2    | Reached skill level 15 in Fighting
 19371 | Orc:1    | Found Laus's Mayhem Merchandise.
 19827 | Orc:2    | Found Motteosu's Weapon Boutique.
 19878 | Orc:2    | Found Belum Joa's Antique Weapon Shoppe.
 19989 | Orc:2    | Found Neec's Assorted Antiques.
 20004 | Orc:2    | Bought a faintly glowing plate armour for 840 gold pieces
 20004 | Orc:2    | Identified the +6 plate armour of Uskayaw's Whim {*Corrode
                  | rPois Dex+8 Stlth+} (You bought it in a shop on level 2 of
                  | the Orcish Mines)
 20272 | Orc:2    | Found Kixien's Antique Armour Shoppe.
 20331 | Orc:2    | Found Ycadob's Jewellery Boutique.
 20423 | Orc:2    | Found a staircase to the Elven Halls.
 20584 | Orc:2    | Bought a +4 ring of slaying for 1014 gold pieces
 20891 | D:13     | Found Ughuc's Armour Emporium.
 20895 | D:13     | Bought the +0 pair of gloves "Otinyi" {Rampage rElec} for
                  | 240 gold pieces
 21070 | D:13     | Identified the +6 ring mail of the Boiling Point {rC+ rN++
                  | Str+3 Int-2}
 21139 | D:13     | Found a gate to the Vaults.
 21334 | D:13     | Found a runed translucent door.
 21844 | D:14     | Identified the +7 triple sword of Uncertain Death {venom,
                  | rElec rF+ Stlth-}
 21908 | D:14     | Found Yrovur's Jewellery Boutique.
 22031 | D:14     | Reached XP level 17. HP: 99/99 MP: 25/25
 22113 | D:14     | Found Tiytot's Jewellery Shoppe.
 22235 | D:14     | Found Fooheqat's Jewellery Shop.
 22241 | D:14     | Found Giuhi's Magic Scroll Emporium.
 22348 | D:14     | Reached skill level 10 in Shields
 22450 | D:14     | Found Osocaos's Antique Weapon Emporium.
 22860 | D:15     | Entered Level 15 of the Dungeon
 22866 | D:15     | Reached skill level 10 in Armour
 23273 | D:15     | Found a staircase to the Depths.
 23707 | D:15     | Found a blossoming altar of Fedhas.
 23924 | Snake:1  | Entered Level 1 of the Snake Pit
 25633 | Snake:2  | Noticed Vashnia
 25983 | Snake:2  | Killed Vashnia
 25984 | Snake:2  | Reached skill level 5 in Dodging
 25984 | Snake:2  | Reached XP level 18. HP: 37/104 MP: 26/26
 26670 | Snake:3  | Found Eho Neda's Antique Armour Shop.
 26673 | Snake:3  | Found Saufrex's Antique Weapon Shop.
 26673 | Snake:3  | Found Huwun's Assorted Antiques.
 26682 | Snake:3  | Found Zixzarus's Armour Boutique.
 26855 | Snake:3  | Noticed Aizul
 26860 | Snake:3  | Noticed Kirke
 26879 | Snake:3  | Killed Kirke
 26886 | Snake:3  | Killed Aizul
 27359 | Snake:3  | Found an opulent altar of Gozag.
 27556 | Snake:4  | Entered Level 4 of the Snake Pit
 27596 | Snake:4  | Found Fofosk's Jewellery Shop.
 27599 | Snake:4  | Found Tupibb's Weapon Shop.
 27746 | Snake:4  | Noticed Louise
 27941 | Snake:3  | Killed Louise
 28848 | Snake:4  | Got a serpentine rune of Zot
 29139 | Snake:4  | Reached XP level 19. HP: 108/108 MP: 27/27
 29556 | Shoals:1 | Entered Level 1 of the Shoals
 29635 | Shoals:1 | Reached skill level 15 in Shields
 29776 | Shoals:1 | HP: 1/108 [kraken (6)]
 29777 | Shoals:1 | Slain by a tentacle

Illustrated notes

Levels and vault maps discovered:
D:1:      amcnicky_arrival_abandoned_market, layout_rooms, hex_intersection
D:2:      layout_basic, minmay_nonomino_d4
D:3:      layout_loops_ring, serial_aquarium, aquarium_bridge_square
          [aquarium_subvault_bridge, aquarium_subvault_window,
          aquarium_subvault_wall, aquarium_subvault_bridge],
          aquarium_bridge_square [aquarium_subvault_bridge,
          aquarium_subvault_wall, aquarium_subvault_wall,
          aquarium_subvault_wall], aquarium_window_1, aquarium_window_1,
          aquarium_window_fake, aquarium_view_2d, aquarium_pool_side,
          serial_shops, nicolae_shop_window_shopping
D:4:      layout_basic, gup_sewer_entry_spiral
D:5:      layout_rooms, mainiacjoe_overflow_catwalk, mainiacjoe_overflow_swirl,
          minmay_chambers_of_fives, uniq_ijyb
D:6:      layout_rooms, temple_doors_ab, pf_guarded_unrand_delatra
D:7:      layout_loops_corners, nicolae_ru_the_path_less_chosen,
          mainiacjoe_overflow_divided_tiny, serial_shops,
          nicolae_shop_tiny_glass
D:8:      layout_loops_cross, mainiacjoe_overflow_24_doors,
          chequers_temple_overflow_statue_of_worship,
          mainiacjoe_overflow_tiny_flanked, nzn_life_drinkers, uniq_maggie,
          uniq_pikel
D:9:      layout_irregular_city, slow_altar_1, enter_bailey_5,
          minmay_hollow_rounded_squares, uniq_erolcha
D:10:     layout_rooms, serial_shops, nicolae_shop_trees, uniq_maurice,
          uniq_joseph, uniq_fannar, uniq_lodul
D:11:     layout_roguey, lair_entry_dummy
D:12:     hellmonk_ruined_rings, layout_long_grid, erik_orc_1,
          portal_ice_cave_entry_pillars_2, nicolae_ashenzari_skybound,
          uniq_rupert, uniq_jorgrun, uniq_psyche
D:13:     layout_loops_corners, david_vaults_5, serial_shops,
          nicolae_shop_stone, minmay_hidden_floor
D:14:     layout_stronghold, serial_shops, shop_statue, shop,
          nicolae_shop_gaudy_bauble, nicolae_shop_behind_doors,
          nicolae_shop_window_shopping, nicolae_titane
D:15:     grunt_enter_depths_hoard, layout_irregular_city, fedhas_altar_4,
          nrook_guardian_serpent_ordinary
Lair:1:   layout_long_grid, minmay_lair_oklob_bushes,
          pdpol_lair_cabin_in_the_woods, serial_bayou_shore_a, uniq_jeremiah
Lair:2:   statuecave_lemuel, layout_cave_pods, elwin_shoals_entry_rocks,
          uniq_nergalle
Lair:3:   gammafunk_indiana_jones, layout_hall_layers,
          alex1729_snake_entry_snake, eino_small_chamber_without_monster,
          cheibrodos_lair_lostbears
Lair:4:   lemuel_reptile_caves, layout_cave_pods, slime_entry_1, st_stairs_4,
          kennysheep_abandoned_house
Lair:5:   cheibrodos_lair_end_hotspot, layout_regular_city
Shoals:1: layout_shoals, hangedman_shoal_volcano
Snake:1:  layout_rooms, st_stairs_11, minmay_snake_pond
Snake:2:  layout_layer_cave, abandoned_shop, st_stairs_2,
          nicolae_snake_snakes_in_the_grass, serial_bayou_shore_b, uniq_vashnia
Snake:3:  layout_layer_cave, basic_altar, minmay_shoptagon, grunt_megastairs_3,
          lemuel_fruit_tree, uniq_aizul, uniq_kirke
Snake:4:  snake_pit, layout_layer_cave, minmay_shop_star, uniq_louise
Orc:1:    layout_caves, minmay_shop_mayhem
Orc:2:    st_orc_town, layout_diamond_mine, serial_shops, shop

Skill      XL: |  1  2  3  4  5  6  7  8  9 10 11 12 13 14 15 16 17 18 19 |
---------------+----------------------------------------------------------+-----
Fighting       | 4 5 6 8 10 11 13 15 | 15.1
Invocations    | 1 3 4 5 10 | 10.0
Short Blades   | 1 2 3 7 10 | 10.0
Throwing       | 1 2 |  2.0
Armour         | 1 2 5 8 9 12 | 12.0
Evocations     | 4 5 8 10 11 12 | 12.0
Shields        | 5 7 8 9 10 14 15 | 15.0
Spellcasting   | 1 3 |  3.0
Dodging        | 5 |  5.0
Axes           | |  0.3
Maces & Flails | |  1.7
Stealth        | |  6.0

Action                     |  1- 3 |  4- 6 |  7- 9 | 10-12 | 13-15 | 16-18 | 19-21 || total
---------------------------+-------+-------+-------+-------+-------+-------+-------++-------
  Melee: Mace              |    18 |    76 |       |       |       |       |       ||    94
         Bite              |     8 |    73 |    99 |   238 |   479 |   866 |    27 ||  1790
         Dagger            |       |   224 |   239 |       |       |       |       ||   463
         Punch             |       |     4 |     7 |       |       |       |       ||    11
         Short sword       |       |       |    77 |   578 |   995 |  1892 |    50 ||  3592
  Throw: Dart              |       |     3 |    14 |    14 |    12 |    22 |     1 ||    66
         Throwing net      |       |       |       |       |       |     1 |       ||     1
 Invoke: Shadow Step       |       |       |       |     7 |       |     5 |       ||    12
  Evoke: Wand              |       |       |     9 |     6 |    10 |    13 |    12 ||    50
         Phial of floods   |       |       |       |       |       |     1 |       ||     1
    Use: Scroll            |     1 |     4 |     2 |     5 |     7 |     5 |       ||    24
         Potion            |       |       |       |       |     2 |     3 |       ||     5
   Stab: Sleeping          |     2 |     4 |     2 |     9 |     2 |    28 |       ||    47
         Invisible         |       |       |     8 |     7 |    11 |       |       ||    26
         Distracted        |       |       |       |       |     2 |     6 |     1 ||     9
         Petrified         |       |       |       |       |     2 |       |       ||     2
         Petrifying        |       |       |       |       |     1 |       |       ||     1
 Armour: Leather armour    |     3 |    16 |       |       |       |       |       ||    19
         Chain mail        |       |    97 |   105 |   180 |   323 |   154 |       ||   859
         Ring mail         |       |       |       |       |       |   264 |    18 ||   282
  Dodge: Dodged            |    14 |   122 |    84 |   125 |   195 |   432 |    18 ||   990
  Block: Kite shield       |       |       |    28 |   295 |   454 |   540 |       ||  1317
         Tower shield      |       |       |       |       |       |   545 |    72 ||   617
         Reflection        |       |       |       |       |       |   105 |     3 ||   108

Table legend: (Time is in decaauts)
 A = Elapsed time spent in this place.
 B = Non-inter-level travel time spent in this place.
 C = Inter-level travel time spent in this place.
 D = Time resting spent in this place.
 E = Time spent auto-exploring this place.
 F = Levels seen in this place.
 G = Mean time per level.
                   A        B        C        D        E       F      G
               +--------+--------+--------+--------+--------+-----+--------+
         Total |  28365 |  26037 |   2328 |   1661 |  16712 |  30 |  945.5 |
       Dungeon |  13124 |  11627 |   1497 |    518 |   8088 |  15 |  874.9 |
          Lair |   6750 |   6273 |    477 |    234 |   4235 |   5 | 1350.0 |
        Shoals |    202 |    202 |      0 |      0 |    130 |   1 |  202.0 |
     Snake Pit |   5229 |   4999 |    230 |    579 |   2956 |   4 | 1307.2 |
  Orcish Mines |   1549 |   1426 |    123 |      0 |    997 |   2 |  774.5 |
         Sewer |    355 |    355 |      0 |     17 |     85 |   1 |  355.0 |
        Bailey |    341 |    341 |      0 |      0 |    179 |   1 |  341.0 |
      Ice Cave |    812 |    812 |      0 |    312 |     40 |   1 |  812.0 |
               +--------+--------+--------+--------+--------+-----+--------+

Top non-repeatable levels by time:
 Snake:2: 1774 daAuts
 Snake:4: 1567 daAuts
  Lair:3: 1554 daAuts
  Lair:2: 1495 daAuts
  Lair:4: 1336 daAuts
     D:9: 1333 daAuts
     D:4: 1320 daAuts
    D:12: 1311 daAuts
  Lair:5: 1183 daAuts
  Lair:1: 1180 daAuts
 Snake:3: 1163 daAuts
    D:13: 1111 daAuts
   Orc:2: 1088 daAuts
    D:14: 1009 daAuts
     D:7: 949 daAuts
